AoeStats
← 布丁

Arena

505655599Analyzed
4v4 RM · 21d ago on Sep 10, 2026· 67m 12s· 8 players
Game mode
Random Map
Map size
Large (8 player)
Population
200
Speed
Normal
Resources
Standard
Victory
Conquest
Starting age
Dark Age
Ending age
Imperial Age
RankedLock teamsTeams togetherTeam positionsShared explorationLock speedFull tech treeHidden civsTurbo modeCheats
Victory
Defeat
🇸🇬 Vietnamese · Singapore
877
+30
🇹🇼 Goths · Taiwan
810
+29
🇨🇳 Malians · China
794
+17
🇺🇸 Britons · United States
760
+19
🇬🇧 Malay · United Kingdom
896
-19
🇵🇱 Persians · Poland
828
-39
🇺🇸 Koreans · United States
804
-18
🇹🇷 Byzantines · Türkiye
755
-14
schmilkers
11:02 Feudal Age
12:24 Loom
15:12 Double-Bit Axe
18:21 Castle Age
16:24 Horse Collar
16:44 Fletching
23:02 Gold Mining
23:05 Stone Mining
24:12 Murder Holes
25:44 Heavy Plow
27:56 Bow Saw
29:48 Gold Shaft Mining
31:30 Stone Shaft Mining
33:14 Pikeman
33:17 Man-at-Arms
33:44 Gambesons
34:25 Ballistics
35:52 Forging
35:37 Bodkin Arrow
36:06 Caravan
39:45 Imperial Age
37:54 Wheelbarrow
37:08 Town Watch
38:55 Hand Cart
41:09 Iron Casting
40:35 Bracer
41:40 Two-Man Saw
42:05 Town Patrol
43:19 Capped Ram
43:25 Heavy Rocket Cart
46:30 Conscription
46:36 Light Cavalry
47:19 Husbandry
48:26 Hussar
52:48 Capped Ram
56:01 Halberdier
Horahlooks
13:05 Feudal Age
16:34 Castle Age
14:51 Double-Bit Axe
15:07 Horse Collar
16:45 Bow Saw
16:21 Loom
18:50 Wheelbarrow
23:39 Heavy Plow
23:32 Gold Mining
29:34 Imperial Age
27:20 Hand Cart
26:51 Town Watch
27:01 Fletching
27:11 Padded Archer Armor
27:22 Forging
27:52 Ballistics
27:17 Crossbowman
29:10 Bodkin Arrow
30:35 Chemistry
30:44 Gold Shaft Mining
30:32 Scale Barding Armor
30:56 Thumb Ring
32:14 Bracer
33:15 Crop Rotation
34:58 Husbandry
36:19 Iron Casting
35:31 Elite Battle Elephant
37:43 Elite Skirmisher
39:50 Leather Archer Armor
44:16 Bombard Tower
43:39 Treadmill Crane
47:04 Forced Levy
47:24 Conscription
46:35 Man-at-Arms
47:16 Squires
48:51 Blast Furnace
47:23 Long Swordsman
48:52 Two-Handed Swordsman
Roykso
10:47 Feudal Age
11:58 Wheelbarrow
11:08 Horse Collar
11:38 Double-Bit Axe
19:54 Scale Barding Armor
19:49 Scale Mail Armor
20:01 Forging
19:44 Fletching
19:55 Padded Archer Armor
23:49 Castle Age
21:24 Man-at-Arms
21:56 Arson
24:22 Heavy Plow
24:55 Bow Saw
29:17 Hand Cart
29:29 Chain Barding Armor
30:28 Chain Mail Armor
32:39 Iron Casting
34:23 Leather Archer Armor
34:04 Bodkin Arrow
34:24 Masonry
34:10 Murder Holes
34:27 Clinker Construction
34:08 Guard Tower
34:13 Stone Mining
34:14 Gold Mining
37:57 Imperial Age
35:45 Loom
38:59 Crop Rotation
39:57 Two-Man Saw
39:02 Heavy Camel Rider
40:27 Architecture
39:53 Heated Shot
41:39 Blast Furnace
41:10 Plate Mail Armor
41:20 Ring Archer Armor
41:41 Plate Barding Armor
66:29 Loom
66:39 Loom
Yuhor28
12:34 Feudal Age
18:56 Castle Age
21:39 Double-Bit Axe
24:17 Scale Barding Armor
24:02 Fletching
24:13 Padded Archer Armor
33:12 Imperial Age
30:42 Bodkin Arrow
31:04 Leather Archer Armor
31:42 Chain Barding Armor
32:38 Ballistics
33:30 Husbandry
37:09 Cavalier
38:32 Plate Barding Armor
37:58 Bracer
38:29 Ring Archer Armor
37:40 Elite Skirmisher
47:11 Heavy Camel Rider
51:50 Chemistry
Dumbzie
0:32 Loom
11:53 Feudal Age
20:26 Castle Age
18:31 Stone Mining
19:02 Double-Bit Axe
22:10 Gold Mining
22:03 Horse Collar
26:48 Heavy Plow
27:04 Bow Saw
32:09 Imperial Age
30:44 Wheelbarrow
31:04 Caravan
31:55 Hand Cart
31:25 Town Watch
32:22 Gold Shaft Mining
33:39 Town Patrol
35:37 Padded Archer Armor
35:27 Fletching
36:43 Leather Archer Armor
37:14 Conscription
36:15 Elite Longbowman
37:34 Ballistics
38:15 Chemistry
37:13 Bodkin Arrow
40:40 Ring Archer Armor
40:11 Bracer
41:35 Two-Man Saw
63:35 Spies/Treason
Smokeball
10:51 Feudal Age
11:29 Double-Bit Axe
11:25 Horse Collar
18:46 Castle Age
17:14 Stone Mining
17:15 Gold Mining
18:11 Fletching
18:43 Loom
20:28 Bodkin Arrow
21:34 Bow Saw
22:02 Stone Shaft Mining
21:28 Heavy Plow
24:00 Padded Archer Armor
24:57 Thumb Ring
28:19 Wheelbarrow
31:03 Ballistics
33:43 Imperial Age
31:38 Town Watch
32:09 Hand Cart
32:43 Leather Archer Armor
34:03 Elite Rattan Archer
35:55 Chemistry
35:48 Bracer
37:01 Ring Archer Armor
37:39 Paper Money
64:18 Spies/Treason
布丁
1:19 Loom
13:55 Feudal Age
15:28 Wheelbarrow
18:11 Castle Age
18:36 Double-Bit Axe
19:11 Horse Collar
20:22 Heavy Plow
21:55 Fletching
22:59 Hand Cart
31:31 Imperial Age
30:06 Town Watch
30:03 Pikeman
30:46 Squires
31:42 Halberdier
32:27 Gold Mining
33:06 Scale Mail Armor
33:17 Forging
33:52 Perfusion
34:34 Chain Mail Armor
34:27 Heavy Plow
48:05 Iron Casting
47:18 Elite Huskarl
48:00 Anarchy
58:52 Caravan
61:26 Blast Furnace
60:28 Padded Archer Armor
60:23 Bodkin Arrow
66:41 Spies/Treason
66:53 Spies/Treason
小的在
0:33 Loom
12:28 Feudal Age
13:56 Wheelbarrow
19:27 Castle Age
17:34 Horse Collar
17:53 Double-Bit Axe
18:28 Stone Mining
18:51 Gold Mining
21:28 Hand Cart
23:50 Heavy Plow
25:23 Bow Saw
26:17 Treadmill Crane
26:59 Ballistics
26:51 Masonry
31:01 Imperial Age
29:24 Caravan
30:24 Tigui
30:53 Town Watch
32:39 Conscription
32:56 Hoardings
32:24 Squires
32:10 Arson
34:00 Town Patrol
34:39 Gold Shaft Mining
34:01 Arson
33:37 Pikeman
34:21 Husbandry
34:31 Bloodlines
33:42 Light Cavalry
35:43 Stone Shaft Mining
37:06 Chemistry
35:38 Elite Gbeto
38:11 Farimba
37:41 Cavalier
39:48 Heavy Camel Rider
42:18 Architecture
41:43 Murder Holes
42:01 Fortified Wall
47:38 Forging
47:29 Scale Mail Armor
47:35 Scale Barding Armor
47:31 Padded Archer Armor
47:21 Fletching
50:00 Crop Rotation
51:58 Chain Barding Armor
51:54 Chain Mail Armor
52:14 Iron Casting
51:35 Bodkin Arrow
51:55 Leather Archer Armor
64:42 Spies/Treason
Connection lost

Rejoining the realm…

Still unreachable

The connection could not be restored.

Session expired

The server has moved on; the page needs a fresh start.